 Dungeon Crawl Stone Soup version 0.26-a0-646-g5d7718319a (webtiles) character file.

Game seed: 11932378589286573649

46 endorz the Skirmisher (level 3, 0/51 HPs)
             Began as a Hill Orc Fighter on Sept 24, 2020.
             Slain by Sigmund
             ... wielding a +0 scythe
              (3 damage)
             ... on level 2 of the Dungeon.
             The game lasted 00:01:26 (991 turns).

endorz the Skirmisher (Hill Orc Fighter)             Turns: 991, Time: 00:01:27

Health: 0/51       AC: 21    Str: 19    XL:     3   Next: 68%
Magic:  3/3        EV:  2    Int:  8    God:
Gold:   59         SH:  8    Dex: 10    Spells: 2/2 levels left

rFire    . . .     SeeInvis .   h - +2 whip (drain)
rCold    . . .     Faith    .   c - +0 kite shield
rNeg     + + +     Spirit   .   (armour currently unavailable)
rPois    +         Reflect  .   (helmet currently unavailable)
rElec    .         Harm     .   (cloak currently unavailable)
rCorr    .         Rampage  .   (gloves currently unavailable)
MR       .....     NoTele   +   (boots currently unavailable)
Stlth    +.........             (no amulet)
HPRegen  0.17/turn              (no ring)
MPRegen  0.08/turn              (no ring)

@: tree-form, lightly drained
A: no striking features
a: no special abilities


You were on level 2 of the Dungeon.
You were a tree.
You visited 1 branch of the dungeon, and saw 2 of its levels.

You collected 59 gold pieces.

Inventory:

Hand Weapons
 a - a +0 war axe
 h - a +2 whip of draining (weapon)
Armour
 b - a +0 scale mail (melded)
 c - a +0 kite shield (worn)
 k - a +0 helmet
Jewellery
 g - an uncursed ring of resist corrosion {unknown}
 i - a +6 ring of strength {unknown}
Scrolls
 e - a scroll of enchant armour {unknown}
 f - a scroll of identify {unknown}
 j - a scroll of fear {unknown}
Potions
 d - a potion of might


   Skills:
 + Level 4.6(4.1) Fighting
 + Level 4.1(3.7) Axes
 - Level 3.2(2.8) Armour
 - Level 3.2(2.8) Shields


You had 2 spell levels left.
You didn't know any spells.
Your spell library was empty.

Dungeon Overview and Level Annotations

Branches:
Dungeon (2/15)

Altars:

Annotations:
D:2 Jessica, Sigmund


Message History

Your roots penetrate the ground.
You hear some strange, mumbled words.
Something tries to affect you, but you resist.
You miss something.
Jessica casts a spell.
Jessica blinks!
Something hits you but does no damage.
You hit something but do no damage. You barely miss something.
Something hits you but does no damage.
You hit something but do no damage. You hit something but do no damage.
Something hits you.
* * * LOW HITPOINT WARNING * * *
You barely miss something. Something hits you but does no damage.
You hit something.
You hear some strange, mumbled words.
A magic dart appears from out of thin air!
The magic dart hits you but does no damage.
You miss something. Something hits you but does no damage.
You hit something but do no damage. You barely miss something.
Something hits you.
You die...

#.#†........<.....#
#.#....(...#..###.#
#..........#..###.#..
....................#
#.###.###>###......##
#.# #.# #.# #.###...#
#.# ..# #.# #.# #..
#####.# #.# .
.......##♣#
.......g{.#
###....#### #>...#
..#.#. ... . .. @# #
.. ##


You could see a goblin.

Vanquished Creatures
  2 dart slugs (D:1)
  A giant cockroach (D:1)
  6 goblins (D:1)
  7 hobgoblins (D:1)
  4 jackals (D:1)
  5 kobolds (D:1)
  A ball python (D:1)
  6 bats
  6 rats
38 creatures vanquished.

Notes
Turn   | Place    | Note
-------+----------+-------------------------------------------
     0 | D:1      | endorz the Hill Orc Fighter began the quest for the Orb.
     0 | D:1      | Reached XP level 1. HP: 19/19 MP: 1/1
    77 | D:1      | Reached XP level 2. HP: 22/27 MP: 2/2
   384 | D:1      | Reached XP level 3. HP: 34/34 MP: 3/3
   962 | D:2      | Noticed Sigmund
   975 | D:2      | Noticed Jessica
   986 | D:2      | HP: 2/51 [something (4)]
   991 | D:2      | Slain by Sigmund

Illustrated notes

Levels and vault maps discovered:
D:1:      dpeg_arrival_long_road, layout_loops_cross, palyth_stone_intersect
D:2:      layout_loops_ring, uniq_jessica, uniq_sigmund

Skill      XL: |  1  2  3 |
---------------+----------+-----
Axes           | 3 4 |  4.1
Fighting       | 4 |  4.6
Armour         | |  3.2
Shields        | |  3.2

Action                   || total
-------------------------++-------
Melee: War axe           ||    92
       Whip              ||    34
  Use: Potion            ||     1
Armor: Scale mail        ||    46
       Skin              ||     5
Dodge: Dodged            ||    30
Block: Kite shield       ||    50

Table legend: (Time is in decaauts)
 A = Elapsed time spent in this place.
 B = Non-inter-level travel time spent in this place.
 C = Inter-level travel time spent in this place.
 D = Time resting spent in this place.
 E = Time spent auto-exploring this place.
 F = Levels seen in this place.
 G = Mean time per level.
                   A        B        C        D        E       F      G
               +--------+--------+--------+--------+--------+-----+--------+
         Total |   1029 |   1021 |      8 |      0 |    772 |   2 |  514.5 |
       Dungeon |   1029 |   1021 |      8 |      0 |    772 |   2 |  514.5 |
               +--------+--------+--------+--------+--------+-----+--------+

Top non-repeatable levels by time:
     D:1: 969 daAuts
     D:2: 59 daAuts
